 Dungeon Crawl Stone Soup version 0.29.1-15-g9cfb28693d (webtiles) character file.

Game seed: 10519816007376288979

64 Coron the Covered (level 4, -4/40 HPs)
             Began as a Meteoran Fighter on Mar 25, 2023.
             Was a Believer of Zin.
             Succumbed to Violeris's ghost's poison
             ... on level 3 of the Dungeon.
             The game lasted 00:05:03 (841 turns).

Coron the Covered (Meteoran Fighter)                 Turns: 841, Time: 00:05:04

Health: -4/40      AC:  8    Str: 19    XL:     4   Next: 58%
Magic:  5/5        EV:  9    Int: 10    God:    Zin [**....]
Gold:   53         SH:  5    Dex: 13    Spells: 3/3 levels left

rFire   . . .      SeeInvis .   e - +1 whip (elec)
rCold   . . .      Faith    .   c - +0 buckler
rNeg    . . .      Spirit   .   b - +0 scale mail
rPois   .          Reflect  .   j - +0 helmet
rElec   .          Harm     .   (no cloak)
rCorr   .          Rampage  .   (no gloves)
Will    .....                   (no boots)
Stlth   ..........              (no amulet)
HPRegen 0.13/turn               (no ring)
MPRegen 0.09/turn               (no ring)

@: mighty, lethally poisoned (-4 -> -35), glowing
A: sense surroundings 1, otherworldly, glowing, explore regen
a: Renounce Religion, Recite, Vitalisation, Donate Gold


You were on level 3 of the Dungeon.
You worshipped Zin.
Zin was pleased with you.
You visited 1 branch of the dungeon, and saw 3 of its levels.

You collected 76 gold pieces.
You donated 23 gold pieces to Zin.

Inventory:

Hand Weapons
 a - a +0 war axe
 e - a +1 whip of electrocution (weapon)
Missiles
 f - 9 stones (quivered)
 l - 2 poisoned darts
Armour
 b - a +0 scale mail (worn)
 c - a +0 buckler (worn)
 i - a +0 chain mail
 j - a +0 helmet (worn)
Scrolls
 g - a scroll of silence {unknown}
 h - a scroll of identify {unknown}
 k - a scroll of fear {unknown}
 m - a scroll of butterflies {unknown}


   Skills:
 - Level 4.0 Fighting
 - Level 3.0 Axes
 + Level 4.8 Armour
 - Level 4.0 Shields


You had 3 spell levels left.
You didn't know any spells.
Your spell library contained the following spells:

 Spells                   Type           Power      Damage    Failure   Level
 Ignite Poison            Fire/Tmut/Pois 0%         N/A       99%         3
 Mephitic Cloud           Conj/Pois/Air  0%         N/A       99%         3
 Freezing Cloud           Conj/Ice/Air   0%         6-21      100%        5


Dungeon Overview and Level Annotations

Branches:
Dungeon (3/15) Zot: 951

Altars:
Dithmenos
Kikubaaqudgha
Qazlal
Ru
Vehumet
Yredelemnul
Zin

Annotations:
D:3 Violeris's ghost, amateur HuWr


Innate Abilities, Weirdness & Mutations

You passively map a small area around you.
You are easily found by Zot.
You glow in the dark.
You regain HP and MP as you explore.


Message History

The hobgoblin is heavily wounded.
You block the hobgoblin's attack.
You hit the hobgoblin.
You kill the hobgoblin!
You see here a hobgoblin corpse.
Press: ? - help, v - describe, . - travel
Here: Violeris's ghost, wielding a weapon of venom (fire blocked by a translucent stone wall)
The floor.
Okay, then.
You feel very mighty all of a sudden.
You open the large door. You barely miss Violeris's ghost.
Violeris's ghost closely misses you.
You completely miss Violeris's ghost.
Violeris's ghost hits you but does no damage.
You are poisoned.
You hit Violeris's ghost.
Violeris's ghost is lightly damaged.
You feel sick. Violeris's ghost hits you.
You are more poisoned.
You barely miss Violeris's ghost.
Violeris's ghost is lightly damaged.
You feel very sick.
Violeris's ghost wails.
Violeris's ghost hits you.
You are lethally poisoned!
You whack Violeris's ghost!
Violeris's ghost is heavily damaged.
You feel very sick. Violeris's ghost hits you!
* * * LOW HITPOINT WARNING * * *
You are more poisoned.
You hit Violeris's ghost.
Violeris's ghost is heavily damaged.
* * * LOW HITPOINT WARNING * * *
You feel very sick.
Violeris's ghost hits you but does no damage.
You are more poisoned.
You hit Violeris's ghost.
Violeris's ghost is heavily damaged.
You die...

#####*#....+ , , #...
,+....# * , ##.#####...#
* * * ####>.........#
*###
......†..#....#####..##
.........#....#..#.~#≈#
*
.................#~8..##
.#######.........'...$.#
.# #.#......@W.#..#*, ,
.# #.#....#†.#..§~~# *
.# #.#.##.†..#.~.### .#
#.#.......#.##~#
.#######.#.......### *#
.......#.#......## * , *
.#####.#.#....... ,,, *
* ## #.# #........, , #
#.# ......... , * *


You could see Violeris's ghost.

Vanquished Creatures
  A gnoll (D:2)
  2 adders
  A worm (D:2)
  3 endoplasms
  3 goblins
  5 hobgoblins
  4 quokkas
  6 ball pythons
  2 bats
  2 frilled lizards
  3 kobolds
  2 rats
34 creatures vanquished.

Notes
Turn   | Place    | Note
-------+----------+-------------------------------------------
     0 | D:1      | Coron the Meteoran Fighter began the quest for the Orb.
     0 | D:1      | Reached XP level 1. HP: 19/19 MP: 2/2
    89 | D:1      | Reached XP level 2. HP: 25/26 MP: 3/3
   235 | D:1      | Found a faded altar of an unknown god.
   244 | D:1      | Prayed at the altar of an unknown god.
   244 | D:1      | Became a worshipper of Zin the Law-Giver
   244 | D:1      | Reached * piety under Zin
   248 | D:1      | Donated 16 gold pieces to Zin
   393 | D:2      | Reached XP level 3. HP: 21/31 MP: 4/4
   540 | D:2      | Reached ** piety under Zin
   583 | D:2      | Found a radiant altar of Vehumet.
   637 | D:2      | Reached XP level 4. HP: 21/40 MP: 5/5
   738 | D:3      | Found an ancient bone altar of Kikubaaqudgha.
   738 | D:3      | Found a shadowy altar of Dithmenos.
   738 | D:3      | Found a glowing silver altar of Zin.
   738 | D:3      | Found a basalt altar of Yredelemnul.
   744 | D:3      | Found a sacrificial altar of Ru.
   744 | D:3      | Found a stormy altar of Qazlal.
   818 | D:3      | Found a large runed translucent door.
   818 | D:3      | Found a large runed translucent door.
   822 | D:3      | Noticed Violeris's ghost (amateur HuWr)
   841 | D:3      | Succumbed to Violeris's ghost's poison

Illustrated notes

Levels and vault maps discovered:
D:1:      evilmike_arrival_crescent, layout_basic,
          shapermc_ecumenical_altar_notcrosses
D:2:      layout_loops_ring, basic_altar
D:3:      layout_basic, minmay_overflow_temple_hex, ebering_ghost_disaster_area,
          chequers_serial_rivers_room_b

Skill      XL: |  1  2  3 |
---------------+----------+-----
Axes           | 3 |  3.0
Armour         | 4 |  4.8
Shields        | 4 |  4.0
Fighting       | 4 |  4.0

Action                   |  1- 3 |  4- 6 || total
-------------------------+-------+-------++-------
Melee: Whip              |    58 |    20 ||    78
       War axe           |     2 |       ||     2
Invok: Donate Gold       |     1 |       ||     1
  Use: Potion            |       |     1 ||     1
Armor: Scale mail        |    28 |     6 ||    34
Dodge: Dodged            |    21 |     5 ||    26
Block: Buckler           |     5 |     5 ||    10
